 Dungeon Crawl Stone Soup version 0.26-a0-964-g69f9a3b9e2 (webtiles) character file.

Game seed: 14981269621381559338

46 siradein the Sneak (level 3, -4/31 HPs)
             Began as a Gnoll Wanderer on Dec 3, 2020.
             Killed by nerve-wracking pain
             ... invoked by Jessica
              (8 damage)
             ... on level 2 of the Dungeon.
             The game lasted 00:05:35 (1209 turns).

siradein the Sneak (Gnoll Wanderer)                 Turns: 1209, Time: 00:05:36

Health: -4/31      AC:  6    Str: 14    XL:     3   Next: 68%
Magic:  4/4        EV: 14    Int: 14    God:
Gold:   157        SH:  0    Dex: 15    Spells: 3/3 levels left

rFire    . . .     SeeInvis .   a - +2 mace
rCold    . . .     Faith    .   (no shield)
rNeg     . . .     Spirit   .   g - +0 ring mail
rPois    .         Reflect  .   n - +0 helmet
rElec    .         Harm     .   (no cloak)
rCorr    .         Rampage  .   (no gloves)
MR       .....                  (no boots)
Stlth    +++.......             (no amulet)
HPRegen  0.10/turn              o - +4 ring of evasion
MPRegen  0.09/turn              (no ring)

@: no status effects
A: distributed training, fangs 1, strong nose
a: no special abilities


You were on level 2 of the Dungeon.
You visited 1 branch of the dungeon, and saw 2 of its levels.

You collected 157 gold pieces.

Inventory:

Hand Weapons
 a - a +2 mace (weapon)
 b - a +0 shortbow
 e - a +0 dagger
Missiles
 c - 26 arrows (quivered)
 d - 23 poisoned darts
 q - 2 throwing nets
Armour
 g - a +0 ring mail (worn)
 n - a +0 helmet (worn)
Jewellery
 o - a +4 ring of evasion (left hand)
 s - an uncursed amulet of regeneration {unknown}
Wands
 t - a wand of disintegration (14)
Scrolls
 f - a scroll of enchant armour {unknown}
 h - 2 scrolls of remove curse {unknown}
 k - 4 scrolls of identify {unknown}
 l - a scroll of enchant weapon {unknown}
 m - 3 scrolls of teleportation {unknown}
 p - a scroll of fear {unknown}
Potions
 i - 2 potions of attraction {unknown}
 j - a potion of degeneration {unknown}
 r - a potion of haste {unknown}


   Skills:
 + Level 4.5 Fighting
 + Level 0.9 Short Blades
 + Level 0.9 Long Blades
 + Level 0.9 Axes
 + Level 4.5 Maces & Flails
 + Level 0.9 Polearms
 + Level 0.9 Staves
 + Level 0.9 Slings
 + Level 0.9 Bows
 + Level 0.9 Crossbows
 + Level 2.6 Throwing
 + Level 0.9 Armour
 + Level 0.9 Dodging
 + Level 7.8 Stealth
 + Level 0.9 Shields
 + Level 2.6 Unarmed Combat
 + Level 0.9 Spellcasting
 + Level 0.6 Conjurations
 + Level 0.6 Hexes
 + Level 0.6 Summonings
 + Level 0.6 Necromancy
 + Level 0.6 Translocations
 + Level 0.6 Transmutations
 + Level 0.6 Fire Magic
 + Level 0.6 Ice Magic
 + Level 0.6 Air Magic
 + Level 0.6 Earth Magic
 + Level 0.6 Poison Magic
 + Level 1.0 Invocations
 + Level 0.9 Evocations


You had 3 spell levels left.
You didn't know any spells.
Your spell library was empty.

Dungeon Overview and Level Annotations

Branches:
Dungeon (2/15)

Altars:
Ashenzari
Nemelex Xobeh
Okawaru
Uskayaw
Xom
Yredelemnul
The Shining One

Annotations:
D:2 Jessica


Innate Abilities, Weirdness & Mutations

Your experience applies equally to all skills.
You have very sharp teeth.
Your uncanny sense of smell can sniff out nearby items.


Message History

Pain shoots through your body!
You hit Jessica but do no damage.
Jessica is lightly wounded.
Jessica closely misses you.
You hit Jessica.
Jessica is moderately wounded.
Jessica closely misses you.
You barely miss Jessica. Your bite misses Jessica.
Jessica is moderately wounded.
Jessica zaps a wand.
The puff of flame hits you.
You closely miss Jessica.
Jessica is moderately wounded.
Jessica zaps a wand.
The puff of flame hits you!
* * * LOW HITPOINT WARNING * * *
You hit Jessica.
Jessica is almost dead.
Jessica closely misses you. Jessica gestures at you while chanting.
Pain shoots through your body!
You die...

......
####)###
<.#.###
∆ #.####
.....#
#....#
.......
####.#
####.###
#.# ..
#.# #.#
######.#
#.@@...#
#.######
#


You could see Jessica.

Vanquished Creatures
  2 oozes (D:2)
  A worm (D:2)
  A dart slug (D:1)
  A leopard gecko (D:1)
  2 giant cockroaches (D:2)
  2 gnoll zombies (D:2)
  4 hobgoblins
  4 jackals (D:2)
  2 bats (D:2)
  3 frilled lizards (D:1)
  4 goblins
  4 kobolds
  3 rats
33 creatures vanquished.

Notes
Turn   | Place    | Note
-------+----------+-------------------------------------------
     0 | D:1      | siradein the Gnoll Wanderer began the quest for the Orb.
     0 | D:1      | siradein set off with the following items: a +2 mace, a +0
                  | shortbow, 26 arrows, 12 poisoned darts, a +0 dagger, a +0
                  | robe
     0 | D:1      | Reached XP level 1. HP: 20/20 MP: 1/1
   127 | D:1      | Reached XP level 2. HP: 26/26 MP: 2/2
   741 | D:2      | Found a basalt altar of Yredelemnul.
   841 | D:2      | Found a shimmering altar of Xom.
   874 | D:2      | Found an iron altar of Okawaru.
   882 | D:2      | Found a sparkling altar of Nemelex Xobeh.
   882 | D:2      | Found a glowing golden altar of the Shining One.
   884 | D:2      | Found a broken altar of Ashenzari.
   888 | D:2      | Found a hide-covered altar of Uskayaw.
   954 | D:2      | Reached XP level 3. HP: 31/31 MP: 3/3
  1055 | D:2      | Reached skill level 1 in Invocations
  1200 | D:2      | Noticed Jessica
  1209 | D:2      | Killed from afar by Jessica

Illustrated notes

Levels and vault maps discovered:
D:1:      ncdulo_halloftheorcs, layout_rooms, minmay_fountain_box
D:2:      layout_loops_cross, lemuel_zombie_altar_yredelemnul, xom_butterflies,
          minitemple, kennysheep_generic_room_8, uniq_jessica

Skill      XL: |  1  2  3 |
---------------+----------+-----
Invocations    | 1 |  1.0
Fighting       | |  4.5
Short Blades   | |  0.9
Long Blades    | |  0.9
Axes           | |  0.9
Maces & Flails | |  4.5
Polearms       | |  0.9
Staves         | |  0.9
Slings         | |  0.9
Bows           | |  0.9
Crossbows      | |  0.9
Throwing       | |  2.6
Armour         | |  0.9
Dodging        | |  0.9
Stealth        | |  7.8
Shields        | |  0.9
Unarmed Combat | |  2.6
Spellcasting   | |  0.9
Conjurations   | |  0.6
Hexes          | |  0.6
Summonings     | |  0.6
Necromancy     | |  0.6
Translocations | |  0.6
Transmutations | |  0.6
Fire Magic     | |  0.6
Ice Magic      | |  0.6
Air Magic      | |  0.6
Earth Magic    | |  0.6
Poison Magic   | |  0.6
Evocations     | |  0.9

Action                   || total
-------------------------++-------
Melee: Mace              ||    84
       Bite              ||     6
       Punch             ||     1
 Stab: Sleeping          ||    10
Armor: Ring mail         ||    22
Dodge: Dodged            ||    49

Table legend: (Time is in decaauts)
 A = Elapsed time spent in this place.
 B = Non-inter-level travel time spent in this place.
 C = Inter-level travel time spent in this place.
 D = Time resting spent in this place.
 E = Time spent auto-exploring this place.
 F = Levels seen in this place.
 G = Mean time per level.
                   A        B        C        D        E       F      G
               +--------+--------+--------+--------+--------+-----+--------+
         Total |   1223 |   1205 |     18 |      0 |    927 |   2 |  611.5 |
       Dungeon |   1223 |   1205 |     18 |      0 |    927 |   2 |  611.5 |
               +--------+--------+--------+--------+--------+-----+--------+

Top non-repeatable levels by time:
     D:2: 785 daAuts
     D:1: 437 daAuts
